AoeStats
← Gregory176144

Arabia

510167621Analyzed
1v1 RM · 3d ago on Sep 29, 2026· 37m 50s· 2 players
Game mode
Random Map
Map size
Tiny (2 player)
Population
200
Speed
Normal
Resources
Standard
Victory
Conquest
Starting age
Dark Age
Ending age
Imperial Age
RankedLock teamsTeams togetherTeam positionsShared explorationLock speedFull tech treeHidden civsTurbo modeCheats
Victory
Defeat
🇦🇷 Sicilians · Argentina
1268
+23
🇩🇪 Wu · Germany
1246
-15
Spasut
6:43 Loom
10:15 Feudal Age
10:46 Horse Collar
11:12 Man-at-Arms
19:26 Castle Age
17:20 Double-Bit Axe
17:56 Bloodlines
17:55 Scale Mail Armor
19:29 Arson
20:09 Squires
20:45 Chain Mail Armor
22:48 Long Swordsman
26:57 Pikeman
29:51 Wheelbarrow
31:10 Forging
Gregory176144
8:26 Feudal Age
8:53 Double-Bit Axe
9:15 Horse Collar
14:19 Wheelbarrow
17:13 Castle Age
15:49 Gold Mining
18:09 Bow Saw
21:43 Town Watch
21:46 Loom
22:58 Fletching
24:02 Bodkin Arrow
24:43 Ballistics
26:41 Bloodlines
27:11 Scale Barding Armor
28:40 Chain Barding Armor
28:21 Husbandry
29:47 Forging
33:59 Iron Casting
34:03 Gold Shaft Mining
34:41 Hand Cart
37:16 Imperial Age
37:19 Cavalier
38:35 Plate Barding Armor
39:01 Blast Furnace
38:23 Conscription
Connection lost

Rejoining the realm…

Still unreachable

The connection could not be restored.

Session expired

The server has moved on; the page needs a fresh start.